 Dungeon Crawl Stone Soup version 0.31-a0-801-gc67433417a (webtiles) character file.

Game seed: 4625050113417704679

5479 Ivernyr the Carver (level 10, -11/53 HPs)
             Began as a Vine Stalker Gladiator on Sept 20, 2023.
             Was a Believer of Wu Jian.
             Mangled by a death knight
             ... wielding a +0 broad axe
              (16 damage)
             ... on level 9 of the Dungeon.
             The game lasted 00:17:10 (6927 turns).

Ivernyr the Carver (Vine Stalker Gladiator)         Turns: 6927, Time: 00:17:11

Health: -11/53     AC: 17    Str: 13    XL:     10   Next: 69%
Magic:  0/11       EV: 15    Int:  8    God:    Wu Jian [**....]
Gold:   504        SH:  0    Dex: 26    Spells: 9/9 levels left

rFire   . . .        a - +4 long sword
rCold   . . .        (no shield)
rNeg    . . .        H - +5 ring mail of Syndicalism {Contam rPois Slay+6 SInv}
rPois   +            c - +0 helmet
rElec   .            (no cloak)
rCorr   .            l - +0 pair of gloves
SInv    +            (no boots)
Will    +....        y - amulet of the acrobat
Stlth   +            m - +4 ring of protection
HPRegen 1.08/turn    w - ring of Foaqouvy {Str-4 Dex+6 Slay+4}
MPRegen 0.12/turn

%: acrobat, guardian spirit
@: no status effects
A: fangs 3, regeneration 1, magic shield, antimagic bite, no potion heal 2
a: Renounce Religion, Wall Jump


You were on level 9 of the Dungeon.
You worshipped Wu Jian.
Wu Jian was pleased with you.
You visited 2 branches of the dungeon, and saw 10 of its levels.
You also visited: Ossuary.

You collected 850 gold pieces.
You spent 346 gold pieces at shops.

Inventory:

Hand Weapons
 a - a +4 long sword (weapon)
Missiles
 d - 5 throwing nets (quivered)
 e - a javelin
Armour
 c - a +0 helmet (worn)
 l - a +0 pair of gloves (worn)
 H - the +5 ring mail of Syndicalism (worn) {Contam rPois Slay+6 SInv}
   (You bought it in a shop on level 7 of the Dungeon)

   Slay+6:    It affects your accuracy & damage with ranged weapons and melee
   (+6).
   rPois:     It protects you from poison SInv: It lets you see invisible.
   Contam:    It causes magical contamination when unequipped.
Jewellery
 k - a ring of positive energy
 m - a +4 ring of protection (left hand)
 v - a ring of protection from cold
 w - the ring of Foaqouvy (right hand) {Str-4 Dex+6 Slay+4}
   (You bought it in a shop on level 5 of the Dungeon)

   [ring of slaying]

   Str-4:     It affects your strength (-4).
   Dex+6:     It affects your dexterity (+6).
   Slay+4:    It affects your accuracy & damage with ranged weapons and melee
   (+4).
 y - an amulet of the acrobat (around neck)
Wands
 K - a wand of digging (4)
Scrolls
 f - a scroll of immolation {unknown}
 g - 7 scrolls of teleportation {unknown}
 i - a scroll of fog {unknown}
 j - 11 scrolls of identify {unknown}
 p - a scroll of noise {unknown}
 r - 3 scrolls of summoning {unknown}
 t - 2 scrolls of vulnerability {unknown}
 F - 3 scrolls of enchant armour {unknown}
 I - 2 scrolls of revelation {unknown}
 J - a scroll of torment {unknown}
Potions
 b - a potion of invisibility {unknown}
 h - 2 potions of cancellation {unknown}
 n - 2 potions of ambrosia {unknown}
 o - 11 potions of curing {unknown}
 q - a potion of berserk rage {unknown}
 s - 2 potions of enlightenment {unknown}
 u - 2 potions of attraction {unknown}
 x - 4 potions of brilliance {unknown}
 z - 2 potions of resistance {unknown}
 A - 3 potions of haste {unknown}
 B - 2 potions of heal wounds {unknown}
 C - 2 potions of lignification {unknown}
 D - a potion of degeneration {unknown}
 E - 2 potions of mutation {unknown}
 G - 2 potions of might {unknown}


   Skills:
 + Level 6.6 Fighting
 * Level 9.5 Long Blades
 - Level 1.7 Throwing
 + Level 5.7 Armour
 + Level 6.3 Dodging


You had 9 spell levels left.
You didn't know any spells.
Your spell library contained the following spells:

 Spells                   Type           Power      Damage    Failure   Level
 Magic Dart               Conj           0%         1d3       65%         1
 Blink                    Tloc           0%         N/A       78%         2
 Call Imp                 Summ           0%         N/A       78%         2
 Lesser Beckoning         Tloc           0%         N/A       78%         2
 Frozen Ramparts          Ice            0%         1d1       95%         3
 Gell's Gravitas          Tloc           0%         N/A       95%         3
 Hailstorm                Conj/Ice       0%         3d3       95%         3
 Mephitic Cloud           Conj/Pois/Air  0%         N/A       95%         3
 Teleport Other           Tloc           0%         N/A       95%         3
 Manifold Assault         Tloc           0%         N/A       100%        4
 Petrify                  Tmut/Erth      0%         N/A       100%        4
 Summon Ice Beast         Ice/Summ       0%         N/A       100%        4
 Metabolic Englaciation   Hex/Ice        0%         N/A       100%        5
 Summon Forest            Summ/Tloc      0%         N/A       100%        5
 Summon Mana Viper        Hex/Summ       0%         N/A       100%        5
 Simulacrum               Ice/Necr       0%         N/A       100%        6
 Summon Cactus Giant      Summ           0%         N/A       100%        6


Dungeon Overview and Level Annotations

Branches:
Dungeon (9/15)             Temple (1/1) D:4         Ossuary (visited)
   Lair: D:8-11         Orc: D:9-12

Altars:
Ashenzari
Cheibriados
Dithmenos
Elyvilon
Fedhas
Gozag
Hepliaklqana
Kikubaaqudgha
Okawaru
Qazlal
Ru
Sif Muna
Trog
Uskayaw
Vehumet
Wu Jian
Xom
Yredelemnul
The Shining One

Shops:
D:1 (   D:5 (*=*=   D:7 [

Annotations:
D:3 3 runed translucent doors, Opifex's ghost, amateur FoHu; PotatoSalad1221's ghost, amateur DrSh; Vontreibholz's ghost, amateur MiFi
Temple 2 transporters


Innate Abilities, Weirdness & Mutations

You have razor-sharp teeth.
Your natural rate of healing is unusually fast.
When hurt, damage is shared between your health and your magic reserves.
Your bite disrupts and absorbs the magic of your enemies.
Potions cannot restore your health.


Message History

You bite the freezing wraith, but do no damage.
The freezing wraith is almost destroyed.
You slash the freezing wraith!
You destroy the freezing wraith!
The Council accepts your kill.
You feel your willpower return.
Found a stone staircase leading up.
You see here a +0 robe.
You open the door.
The death knight shouts!
The death knight offers itself to Yredelemnul, and fills with unholy energy.
A death knight is nearby!
There is an open door here.
You lunge at the death knight, in a flurry of attacks.
You slice the death knight!! You bite the death knight! You drain its power.
The death knight is moderately wounded.
You hit the death knight.
The death knight is heavily wounded.
The death knight reflects your damage back at you!
The death knight misses you.
You spin and attack the death knight.
You slash the death knight!
The death knight is severely wounded.
The death knight reflects your damage back at you!
The death knight calls down the wrath of Yredelemnul upon you.
Your body is wracked with pain!
Unknown command.
You spin and attack the death knight.
You hit the death knight. You bite the death knight. You drain its power.
You feel invigorated.
The death knight is severely wounded.
The death knight reflects your damage back at you!
* * * LOW HITPOINT WARNING * * *
The death knight hits you with a +0 broad axe.
* * * LOW HITPOINT WARNING * * *
You spin and attack the death knight.
You slash the death knight! You bite the death knight! You drain its power.
You feel invigorated.
The death knight is almost dead.
The death knight reflects your damage back at you!
* * * LOW HITPOINT WARNING * * *
The death knight hits you with a +0 broad axe!!
You die...

########## #
####........###########
............'>.......##
#..........#.%......##
#..........#....W.....
#..........#..........
#..........#.#........
#........#.#........
#..@p....#.#........
#.....[..#.#........
#........#.####....#
#####'####.####+####
#+#####.###.....[.....
#....##......<#.....#.
#....####.#..##.......
#....# #....##....#..
#....# ####.##....#..


You could see a death knight (reflects damage).

Vanquished Creatures
  A two-headed ogre (D:9)
  2 phantasmal warriors (D:9)
  A freezing wraith (D:9)
  A wraith (D:9)
  A steam dragon (D:9)
  Menkaure (D:7)
  An acid dragon (D:8)
  3 water moccasins
  An ice beast (D:7)
  An orc warrior (D:7)
  A sky beast (D:6)
  A centaur (D:8)
  A phantom (D:5)
  4 bullfrogs
  3 scorpions
  2 gnoll sergeants (D:8)
  4 wights (D:9)
  16 killer bees (D:8)
  3 howler monkeys (D:8)
  3 orc priests
  2 jellies (D:6)
  A hound (D:6)
  2 sleepcaps
  Natasha (thrice) (D:2)
  3 iguanas
  4 orc wizards
  8 mummies (Ossuary)
  11 adders
  13 gnolls
  3 white imps
  2 worms
  3 dart slugs
  33 orcs
  7 endoplasms
  4 giant cockroaches
  12 goblins
  9 hobgoblins
  5 quokkas
  8 ball pythons
  10 bats
  A frilled lizard (D:3)
  A gnoll zombie (Ossuary)
  4 hobgoblin zombies (Ossuary)
  4 kobolds
  A kobold zombie (Ossuary)
  2 orc zombies (Ossuary)
  7 rats
214 creatures vanquished.

Notes
Turn   | Place    | Note
-------+----------+-------------------------------------------
     0 | D:1      | Ivernyr the Vine Stalker Gladiator began the quest for the
                  | Orb.
     0 | D:1      | Reached XP level 1. HP: 11/11 MP: 2/2
    56 | D:1      | Reached XP level 2. HP: 15/15 MP: 3/3
    92 | D:1      | Found Atudic's Antique Weapon Emporium.
   104 | D:1      | Reached skill level 3 in Long Blades
   306 | D:1      | Reached XP level 3. HP: 18/18 MP: 4/4
   938 | D:2      | Reached skill level 1 in Armour
   962 | D:2      | Reached XP level 4. HP: 21/23 MP: 5/5
  1249 | D:2      | Noticed Natasha
  1251 | D:2      | Killed Natasha
  1428 | D:2      | Reached XP level 5. HP: 27/27 MP: 6/6
  1467 | D:2      | Noticed Natasha
  1475 | D:2      | Killed Natasha
  1687 | D:2      | Noticed Natasha
  1697 | D:2      | Killed Natasha
  1698 | D:2      | Reached skill level 4 in Long Blades
  1993 | D:3      | Reached XP level 6. HP: 28/32 MP: 5/7
  2306 | D:3      | Found a runed translucent gate.
  2306 | D:3      | Found a runed translucent gate.
  2311 | D:3      | Found a runed translucent gate.
  2312 | D:3      | Noticed Opifex's ghost (amateur FoHu)
  2312 | D:3      | Noticed PotatoSalad1221's ghost (amateur DrSh)
  2312 | D:3      | Noticed Vontreibholz's ghost (amateur MiFi)
  3071 | D:4      | Found a staircase to the Ecumenical Temple.
  3104 | Temple   | Found a transporter.
  3104 | Temple   | Found a transporter.
  3104 | Temple   | Found a transporter.
  3104 | Temple   | Found a transporter.
  3104 | Temple   | Entered the Ecumenical Temple
  3134 | Temple   | Became a worshipper of the Wu Jian Council
  3361 | D:5      | Entered Level 5 of the Dungeon
  3415 | D:5      | Found Ukhloaf's Weapon Shop.
  3496 | D:5      | Found a radiant altar of Vehumet.
  3511 | D:5      | Found Levugol's Assorted Antiques.
  3519 | D:5      | Bought a crude amber ring for 130 gold pieces
  3519 | D:5      | Identified the ring of Foaqouvy {Str-4 Dex+6 Slay+4} (You
                  | bought it in a shop on level 5 of the Dungeon)
  3525 | D:5      | Found a sand-covered staircase.
  3549 | D:5      | Noticed a water moccasin
  3564 | Ossuary  | Entered an ossuary
  3589 | Ossuary  | Reached XP level 7. HP: 26/36 MP: 8/8
  3627 | Ossuary  | Reached skill level 5 in Long Blades
  3828 | D:5      | Found Kosoupn's Jewellery Shop.
  3839 | D:5      | Found Fihideot's Jewellery Emporium.
  4044 | D:5      | Gained mutation: You have razor-sharp teeth. [Vine Stalker
                  | growth]
  4044 | D:5      | Reached XP level 8. HP: 42/42 MP: 9/9
  4086 | D:5      | Reached * piety under Wu Jian
  4261 | D:5      | Found Hampi's General Store.
  4369 | D:6      | Reached skill level 6 in Long Blades
  5066 | D:7      | Found Nesyt's Antique Armour Emporium.
  5072 | D:7      | Bought a jewelled ring mail for 216 gold pieces
  5072 | D:7      | Identified the +5 ring mail of Syndicalism {Contam rPois
                  | Slay+6 SInv} (You bought it in a shop on level 7 of the
                  | Dungeon)
  5339 | D:7      | Noticed Menkaure
  5341 | D:7      | Reached skill level 7 in Long Blades
  5341 | D:7      | Reached XP level 9. HP: 42/46 MP: 6/10
  5344 | D:7      | Killed Menkaure
  5345 | D:7      | Reached skill level 5 in Fighting
  5387 | D:7      | Found a basalt altar of Yredelemnul.
  5392 | D:7      | Found a bloodstained altar of Trog.
  5392 | D:7      | Found a blossoming altar of Fedhas.
  5405 | D:7      | Found an ancient bone altar of Kikubaaqudgha.
  5408 | D:7      | Found a white marble altar of Elyvilon.
  5980 | D:8      | Reached skill level 5 in Dodging
  5990 | D:8      | Reached ** piety under Wu Jian
  6098 | D:8      | Reached skill level 8 in Long Blades
  6165 | D:8      | Noticed a gargoyle
  6165 | D:8      | Noticed a cyclops
  6165 | D:8      | Noticed a troll
  6165 | D:8      | Noticed a centaur warrior
  6174 | D:8      | Noticed a purple ugly thing
  6174 | D:8      | Noticed a troll
  6174 | D:8      | Noticed a troll
  6174 | D:8      | Noticed a purple ugly thing
  6401 | D:8      | Reached XP level 10. HP: 49/53 MP: 11/11
  6686 | D:9      | Reached skill level 5 in Armour
  6757 | D:9      | Noticed a two-headed ogre
  6769 | D:9      | Killed a two-headed ogre
  6770 | D:9      | Reached skill level 9 in Long Blades
  6861 | D:9      | Noticed a phantasmal warrior
  6862 | D:9      | Noticed a death knight
  6862 | D:9      | Noticed a phantasmal warrior
  6871 | D:9      | Killed a phantasmal warrior
  6894 | D:9      | Killed a phantasmal warrior
  6927 | D:9      | Mangled by a death knight

Illustrated notes

Levels and vault maps discovered:
D:1:      saegor_arrival_miasma, layout_loops_ring, serial_shops, shop,
          roderic_serpentine_path, st_stairs_13
D:2:      layout_basic, minmay_joined_circles, uniq_natasha
D:3:      layout_loops_ring, gammafunk_ghost_cemetery
D:4:      layout_cave_pools, minmay_temple_entry_statues_pillars,
          kennysheep_cross_bottleneck
D:5:      layout_cave_pods, mainiacjoe_overflow_24_doors, serial_shops,
          nicolae_shop_bloodbath_and_beyond,
          nicolae_shop_temple_entry_statues_fountains,
          nicolae_shop_window_shopping, kennysheep_little_box, shop,
          enter_ossuary_1
D:6:      layout_gridville, roderic_roman_lattice
D:7:      minmay_evil_eye, layout_loops_ring, minmay_overflow_temple_star_hex,
          dreamdust_wishing_well, nicolae_stop_n_shop_1, uniq_menkaure
D:8:      layout_loops_ring, amcnicky_mini_pool_small, minivault_12
D:9:      layout_basic, mainiacjoe_overflow_tiny_flanked, nemelex_altar_shiori,
          erik_lair_dragon, serial_shops, nicolae_shop_rolled_up
Temple:   hellmonk_temple_divided_pantheon

Skill      XL: |  1  2  3  4  5  6  7  8  9 10 |
---------------+-------------------------------+-----
Long Blades    | 3 4 5 7 8 9 |  9.5
Fighting       | 2 3 4 5 6 |  6.6
Armour         | 1 2 3 4 5 |  5.7
Dodging        | 3 4 5 6 |  6.3
Throwing       | |  1.7

Action                     |  1- 3 |  4- 6 |  7- 9 | 10-12 || total
---------------------------+-------+-------+-------+-------++-------
  Melee: Long sword        |    82 |   203 |   193 |    29 ||   507
         Bite              |    12 |    66 |    70 |    15 ||   163
         Punch             |       |     6 |     3 |       ||     9
Ability: Lunge             |       |       |    22 |     6 ||    28
         Whirlwind         |       |       |    10 |     9 ||    19
   Stab: Sleeping          |     3 |       |     5 |       ||     8
 Armour: Leather armour    |    43 |   167 |    38 |       ||   248
         Ring mail         |       |       |    35 |     9 ||    44
  Dodge: Dodged            |    58 |   168 |   102 |    13 ||   341

Table legend: (Time is in decaauts)
 A = Elapsed time spent in this place.
 B = Non-inter-level travel time spent in this place.
 C = Inter-level travel time spent in this place.
 D = Time resting spent in this place.
 E = Time spent auto-exploring this place.
 F = Levels seen in this place.
 G = Mean time per level.
                   A        B        C        D        E       F      G
               +--------+--------+--------+--------+--------+-----+--------+
         Total |   6994 |   6751 |    243 |      0 |   5162 |  11 |  635.8 |
       Dungeon |   6742 |   6499 |    243 |      0 |   5052 |   9 |  749.1 |
        Temple |     48 |     48 |      0 |      0 |      0 |   1 |   48.0 |
       Ossuary |    203 |    203 |      0 |      0 |    110 |   1 |  203.0 |
               +--------+--------+--------+--------+--------+-----+--------+

Top non-repeatable levels by time:
     D:2: 1053 daAuts
     D:7: 892 daAuts
     D:1: 814 daAuts
     D:3: 786 daAuts
     D:5: 777 daAuts
     D:6: 736 daAuts
     D:4: 712 daAuts
     D:8: 698 daAuts
     D:9: 271 daAuts
 Ossuary: 203 daAuts
  Temple: 48 daAuts
